 Dungeon Crawl Stone Soup version 0.21-a0-442-g848f44b (webtiles) character file.

50 slep the Shooter (level 3, 0/18 HPs)
             Began as a Vine Stalker Wanderer on Nov 15, 2017.
             Succumbed to an adder's poison
             ... on level 2 of the Dungeon.
             The game lasted 00:07:37 (1211 turns).

slep the Shooter (Vine Stalker Wanderer)            Turns: 1211, Time: 00:07:38

Health: 0/18       AC:  6    Str: 15    XL:     3   Next: 79%
Magic:  5/5        EV: 11    Int: 11    God:
Gold:   85         SH:  0    Dex: 14    Spells: 4/4 levels left

rFire    . . .     SeeInvis .   a - +0 club
rCold    . . .     Gourm    .   (no shield)
rNeg     . . .     Faith    .   m - +0 leather armour (curse)
rPois    .         Spirit   +   (no helmet)
rElec    .         Reflect  .   (no cloak)
rCorr    .         Harm     .   l - +1 pair of gloves
MR       .....                  g - +0 pair of boots
Stlth    +.........             (no amulet)
HPRegen  0.06/turn              (no ring)
MPRegen  0.09/turn              (no ring)

@: confused, lethally poisoned (0 -> -3), very slightly contaminated, invisible
A: fangs 2, magic shield, antimagic bite, no potion heal 3, rot immunity
a: no special abilities


You were on level 2 of the Dungeon.
You were not hungry.

You visited 1 branch of the dungeon, and saw 2 of its levels.

You collected 85 gold pieces.

Inventory:

Hand Weapons
 a - a +0 club (weapon)
 b - a +0 shortbow
 q - a +0 war axe
Missiles
 d - 25 arrows
Armour
 c - a +0 ring mail
 g - a +0 pair of boots (worn)
 l - a +1 pair of gloves (worn)
 m - a cursed +0 leather armour (worn)
Scrolls
 h - a scroll of immolation {unknown}
 i - a scroll of magic mapping {unknown}
 n - a scroll of remove curse {unknown}
Books
 e - a book of Conjurations

   Spells                             Type                      Level
   a - Magic Dart                     Conjuration                  1
   b - Searing Ray                    Conjuration                  2
   c - Dazzling Spray                 Conjuration/Hexes            3
   d - Fulminant Prism                Conjuration/Hexes            4
   e - Force Lance                    Conjuration/Translocation    4
   f - Iskenderun's Mystic Blast      Conjuration                  4
Comestibles
 f - a bread ration
 j - 2 fruits


   Skills:
 + Level 2.1 Fighting
 + Level 1.0 Maces & Flails
 + Level 2.3 Bows
 + Level 1.1 Throwing
 + Level 1.7 Armour
 + Level 0.1 Dodging
 + Level 1.2 Stealth
 + Level 1.1 Spellcasting
   Level 1.0 Conjurations
   Level 1.0 Hexes


You had 4 spell levels left.
You didn't know any spells.

Dungeon Overview and Level Annotations

Branches:
Dungeon (2/15)

Altars:


Innate Abilities, Weirdness & Mutations

You have extremely sharp teeth.
When hurt, damage is shared between your health and your magic reserves.
Your bite disrupts and absorbs the magic of your enemies.
Potions cannot restore your health.
You are immune to rotting.


Message History

You barely miss the adder. You bite the adder. You drain its power.
You feel invigorated.
The adder is heavily wounded.
* * * LOW HITPOINT WARNING * * *
You feel sick. The adder misses you.
It was a potion of invisibility.
You fade into invisibility!
The adder closely misses you. The adder barely misses you.
You are very lightly contaminated with residual magic.
* * * LOW HITPOINT WARNING * * *
You feel sick. The adder barely misses you.
It was a potion of magic.
Magic courses through your body. The adder barely misses you.
It was a potion of ambrosia.
You are confused.
Your system rejects the healing.
You feel invigorated. The adder bites you.
There is a lethal amount of poison in your body!
You miss the adder.
The adder is heavily wounded.
You die...

#. ##.#..######..######
#..##.....#............#
#......#.##.#.##.#####.###
................#.##.......
########.###.....(...##.###
#g##.......#####.##.
#.##.......#####.##.
#.##.....#.......##.
#gS@....###########.
#####.........#####.
##.###)......##. #.#
#.<.....##. #.# #.......#..
#.# #.......#.. #.#
#.......#.. #.# #.......###
####.# #.......# #


You could see an adder and a goblin.

Vanquished Creatures
  2 oozes (D:1)
  2 dart slugs
  A leopard gecko (D:2)
  5 bats (D:1)
  3 giant cockroaches (D:1)
  3 goblins
  4 hobgoblins
  2 jackals (D:1)
  6 kobolds
  5 frilled lizards
  A rat (D:1)
34 creatures vanquished.

Notes
Turn   | Place    | Note
-------+----------+-------------------------------------------
     0 | D:1      | slep the Vine Stalker Wanderer began the quest for the Orb.
     0 | D:1      | slep set off with: a book of Conjurations, a +0 ring mail, a +0 shortbow, 27 arrows, a bread ration
     0 | D:1      | Reached XP level 1. HP: 11/11 MP: 3/3
    79 | D:1      | Reached XP level 2. HP: 15/15 MP: 4/4
   572 | D:1      | Reached XP level 3. HP: 12/18 MP: 3/5
  1064 | D:2      | Reached skill level 1 in Maces & Flails
  1211 | D:2      | Succumbed to an adder's poison

Vault maps used:
D:1:      erik_arrival_cave_to_civilisation, serial_forest,
          infiniplex_forest_straight_2, infiniplex_forest_clump_small,
          infiniplex_forest_lined_2, infiniplex_forest_lined_2,
          infiniplex_forest_lined_3_way, infiniplex_forest_straight_2,
          hangedman_abyss_or_decor_lesser_grid
D:2:      kennysheep_six_static_rooms, first_bread, uniq_sigmund

Skill      XL: |  1  2  3 |
---------------+----------+-----
Bows           | 2 |  2.3
Fighting       | 2 |  2.1
Maces & Flails | 1 |  1.0
Throwing       | |  1.1
Armour         | |  1.7
Dodging        | |  0.1
Stealth        | |  1.2
Spellcasting   | |  1.1
Conjurations   | |  1.0
Hexes          | |  1.0

Action                   || total
-------------------------++-------
Melee: Club              ||   154
       Bite              ||    35
 Fire: Shortbow          ||    16
  Use: Potion            ||     3
 Stab: Sleeping          ||     1
  Eat: Chunk             ||     1
Armor: Ring mail         ||    68
       Leather armour    ||    14
Dodge: Dodged            ||    97

Table legend:
 A = Spawn XP
 B = Non-spawn XP
 C = Spawn XP percentage of total XP
 D = Spawn monster count
 E = Non-spawn monster count
 F = Spawn count percentage of total count
 G = Total turns spent on level
                    A         B        C        D         E        F      G
               +---------+---------+-------+---------+---------+-------+---------
         Total |       0 |      72 |   0.0 |       0 |      34 |   0.0 |  1211
               +---------+---------+-------+---------+---------+-------+---------
           D:1 |       0 |      53 |   0.0 |       0 |      24 |   0.0 |   906
           D:2 |       0 |      19 |   0.0 |       0 |      10 |   0.0 |   305
               +---------+---------+-------+---------+---------+-------+---------
